 Dungeon Crawl Stone Soup version 0.30.1-11-g7821555f0a (webtiles) character file.

Game seed: 1744450801839272058

22060 Cheops the Phalangite (level 12, -8/147 HPs)
             Began as a Merfolk Fighter on Nov 9, 2023.
             Was an Elder of the Shining One.
             Killed from afar by a tengu reaver (50 damage)
             ... with a bolt of cold
             ... on level 12 of the Dungeon on Nov 10, 2023.
             The game lasted 00:35:47 (10207 turns).

Cheops the Phalangite (Merfolk Fighter)            Turns: 10207, Time: 00:35:47

Health: -8/147     AC: 10    Str: 16    XL:     12   Next: 96%
Magic:  14/17      EV:  9    Int: 12    God:    the Shining One [****..]
Gold:   700        SH:  9    Dex: 14    Spells: 11/11 levels left

rFire   . . .        a - +2 bardiche (venom)
rCold   . . .        (shield currently unavailable)
rNeg    + + +        N - +3 scale mail {rN+}
rPois   +            y - +1 helmet
rElec   .            n - +0 cloak
rCorr   .            x - +1 pair of gloves
SInv    .            (no boots)
Will    .....        j - amulet of regeneration Stlth
                     z - ring of poison resistance
HPRegen 1.24/turn    u - +4 ring of slaying
MPRegen 0.15/turn

%: no passive effects
@: mighty, berserking (expiring), divinely shielded, corroded, glowing, very
quick
A: (nimble swimmer 2), mertail
a: Renounce Religion, Divine Shield, Cleansing Flame


You were on level 12 of the Dungeon.
You worshipped the Shining One.
The Shining One was greatly pleased with you.
You visited 1 branch of the dungeon, and saw 12 of its levels.
You also visited: Sewer and Bailey.

You collected 964 gold pieces.
You spent 264 gold pieces at shops.

Inventory:

Hand Weapons
 a - a +2 bardiche of venom (weapon)
 b - a +1 heavy trident
 c - a +5 spear of freezing
Missiles
 J - a throwing net (quivered)
Armour
 m - a +3 leather armour
 n - a +0 cloak (worn)
 x - a +1 pair of gloves (worn)
 y - a +1 helmet (worn)
 E - a +2 robe of fire resistance
 F - +0 acid dragon scales
 N - a +3 scale mail of positive energy (worn)
 O - a +0 buckler
 Q - +0 steam dragon scales
Magical Staves
 G - the staff of conjuration "Don Jeta" {rCorr}
   (You found it in a sewer)

   [staff of conjuration]

   Base accuracy: +5 Base damage: 5 Base attack delay: 1.2 This weapon's minimum
   attack delay (0.6) is reached at skill level 12.
   rCorr:     It protects you from acid and corrosion.
   It falls into the 'Staves' category.
   It is a one-handed weapon.
 H - a staff of poison
Jewellery
 h - a ring of wizardry
 j - an amulet of regeneration (around neck)
 p - a ring of ice
 s - a ring of willpower
 u - a +4 ring of slaying (right hand)
 z - a ring of poison resistance (left hand)
Wands
 B - a wand of charming (24)
 I - a wand of polymorph (18)
 P - a wand of flame (11)
 S - a wand of mindburst (15)
 T - a wand of roots (4)
 U - a wand of digging (5)
Scrolls
 k - 6 scrolls of teleportation
 q - 2 scrolls of immolation
 t - 5 scrolls of fog
 w - 3 scrolls of fear
 A - 2 scrolls of poison
 D - 2 scrolls of blinking
 K - a scroll of vulnerability
 L - 4 scrolls of magic mapping
 X - 6 scrolls of enchant weapon
 Y - 2 scrolls of enchant armour
 Z - 3 scrolls of summoning
Potions
 d - 4 potions of might
 e - 2 potions of cancellation {unknown}
 f - 4 potions of brilliance {unknown}
 i - 8 potions of curing {unknown}
 l - a potion of haste
 o - 3 potions of invisibility
 r - 3 potions of lignification {unknown}
 v - 3 potions of attraction {unknown}
 C - 3 potions of heal wounds
 M - 2 potions of flight
 R - 3 potions of mutation {unknown}
 V - a potion of experience
 W - 2 potions of resistance


   Skills:
 - Level 10.5 Fighting
 - Level 21.2 Polearms
 - Level 2.1 Armour
 - Level 3.0 Shields
 + Level 7.6 Invocations
 - Level 6.0 Evocations


You had 11 spell levels left.
You didn't know any spells.
Your spell library contained the following spells:

 Spells                   Type           Power      Damage    Failure   Level
 Apportation              Tloc           0%         N/A       77%         1
 Necrotise                Necr           0%         1d4       77%         1
 Sandblast                Erth           0%         2d4       77%         1
 Summon Small Mammal      Summ           0%         N/A       77%         1
 Passwall                 Tmut/Erth      0%         N/A       88%         2
 Ozocubu's Armour         Ice            0%         N/A       98%         3
 Stone Arrow              Conj/Erth      0%         3d7       98%         3
 Ozocubu's Refrigeration  Ice            0%         4d7       100%        7


Dungeon Overview and Level Annotations

Branches:
Dungeon (12/15)            Temple (0/1) D:6            Lair (0/5) D:11
    Orc (0/2) D:9           Sewer (visited)          Bailey (visited)

Altars:
Cheibriados
Makhleb
Okawaru
Ru
Yredelemnul
Zin
The Shining One

Shops:
D:2 *   D:3 =   D:4 *   D:5 !(*[:   D:8 =

Annotations:
D:6 dig
D:7 1 runed translucent door, fireball365's ghost, novice HOFi


Innate Abilities, Weirdness & Mutations

((You are very nimble when in or above water. (Stealth+, EV+, Speed+++)))
Your lower body shifts to a powerful aquatic tail in water.


Message History

The tengu reaver completely misses you.
Your Invocations skill increases to level 7!
You block the vampire's attack.
The vampire bites you but does no damage.
The death knight hits you from afar with a +0 glaive!!
* * * LOW HITPOINT WARNING * * *
The centaur warrior unwields a +0 shortbow.
The centaur warrior hits you.
* * * LOW HITPOINT WARNING * * *
You block the centaur warrior's attack.
There is an open translucent door, spattered with blood here.
You carve the centaur warrior like a ham!!!
The centaur warrior looks as sick as possible!
The centaur warrior is almost dead.
The tengu reaver hits you with a +0 bardiche!
* * * LOW HITPOINT WARNING * * *
The tengu reaver pecks you but does no damage.
The tengu reaver claws you but does no damage.
The death knight hits you from afar with a +0 glaive.
* * * LOW HITPOINT WARNING * * *
You hit the centaur warrior.
The centaur warrior is almost dead.
You block the centaur warrior's attack.
The centaur warrior kicks you but does no damage.
You block the vampire's attack. The vampire bites you.
* * * LOW HITPOINT WARNING * * *
You slash the centaur warrior!
You kill the centaur warrior!
The tengu reaver points at you and mumbles some strange words.
The bolt of acid hits you!
* * * LOW HITPOINT WARNING * * *
The acid corrodes you!
The yaktaur unwields a +5 vampiric dagger.
The yaktaur wields a +0 arbalest.
The yaktaur shoots a bolt.
You block the bolt. The death knight closely misses you.
You slash the basilisk!
The basilisk is poisoned.
The basilisk is moderately wounded.
The tengu reaver gestures at you while chanting.
The bolt of cold hits you!!!
You die...

#.<.).#.#
#....#####.#####
#.....#.# ###....#
#.##...
#.....#.#######...####
##.##.##
##.........#.......#
#.......
#...........#####.#
#)......
##.......##.#)Q.#.#
#.......
#...)....##.#Ccp#.#
#......>
###.#..#......#VlQ#.#
#.......
......##......##@##.#
#.......
......##.......8.8..##
#.......
.)....##......#......##
#.......
......##........####..#
########
......##......#.....#.#
..............#####...#
......##......# #####
########......#
########


You could see a tengu reaver, a death knight (reflects damage), a cyclops, a
yaktaur, a basilisk (very poisoned), a vampire and a tengu conjurer.

Vanquished Creatures
  Erolcha (D:9)
  A centaur warrior (D:12)
  A death knight (D:11)
  A boulder beetle (D:12)
  4 two-headed ogres
  The ghost of sigtrap the Trooper, a novice OgFi of Elyvilon (D:6)
  5 skeletal warriors (D:11)
  Pikel (D:6)
  2 orc knights (Bailey)
  A manticore (D:10)
  2 cyclopes
  3 gargoyles
  2 trolls
  A hornet (D:7)
  6 yaks
  Sigmund (D:6)
  3 shadows
  3 wraiths
  A wyvern (D:9)
  3 vampires (D:11)
  A steam dragon (D:7)
  Edmund (D:6)
  4 vampire mosquitoes (D:12)
  2 acid dragons
  3 water moccasins
  A black bear (D:5)
  2 ice beasts
  2 sky beasts (D:6)
  13 orc warriors
  4 centaurs
  2 lemures (D:6)
  5 kobold brigands
  7 bullfrogs
  2 gnoll sergeants
  5 scorpions
  15 wights
  21 killer bees
  4 howler monkeys
  A crimson imp (D:3)
  7 orc priests
  6 hounds
  4 jellies
  A gnoll bouda (D:6)
  6 iguanas
  2 sleepcaps
  8 orc wizards
  12 gnolls
  7 adders
  A river rat (D:6)
  3 white imps
  2 worms
  4 dart slugs
  56 orcs
  8 ball pythons
  9 bats
  6 endoplasms
  12 giant cockroaches
  7 hobgoblins
  4 jackals (D:2)
  10 quokkas
  14 frilled lizards
  9 goblins
  A goblin skeleton (D:3)
  A hobgoblin zombie (D:3)
  32 kobolds
  2 kobold zombies (D:3)
  2 orc skeletons (D:3)
  An orc zombie (D:3)
  6 rats
381 creatures vanquished.

Notes
Turn   | Place    | Note
-------+----------+-------------------------------------------
     0 | D:1      | Cheops the Merfolk Fighter began the quest for the Orb.
     0 | D:1      | Reached XP level 1. HP: 18/18 MP: 1/1
    52 | D:1      | Reached skill level 3 in Polearms
   130 | D:1      | Reached XP level 2. HP: 24/24 MP: 2/2
   286 | D:1      | Reached skill level 4 in Polearms
   494 | D:1      | Reached XP level 3. HP: 29/29 MP: 3/3
   966 | D:2      | Reached skill level 5 in Polearms
  1009 | D:2      | Found Jem Epee's General Store.
  1044 | D:2      | Reached XP level 4. HP: 17/35 MP: 4/4
  1052 | D:2      | Reached skill level 6 in Polearms
  1295 | D:3      | Found a glowing golden altar of the Shining One.
  1322 | D:3      | Reached XP level 5. HP: 41/41 MP: 5/5
  1359 | D:3      | Became a worshipper of the Shining One
  1394 | D:3      | Found a snail-covered altar of Cheibriados.
  1440 | D:3      | Found Aputt's Jewellery Boutique.
  1787 | D:3      | Reached skill level 7 in Polearms
  1998 | D:3      | Found a sacrificial altar of Ru.
  2278 | D:3      | Reached skill level 8 in Polearms
  2278 | D:3      | Reached XP level 6. HP: 42/47 MP: 6/6
  2380 | D:4      | Found Fecal's Elemental Accessories.
  2515 | D:4      | Reached skill level 9 in Polearms
  2689 | D:4      | Reached XP level 7. HP: 37/52 MP: 7/7
  2847 | D:4      | Reached skill level 10 in Polearms
  2998 | D:5      | Entered Level 5 of the Dungeon
  3096 | D:5      | Found Xeeloiju's Distillery.
  3096 | D:5      | Found Pimitoz's Antique Weapon Emporium.
  3179 | D:5      | Reached skill level 11 in Polearms
  3283 | D:5      | Found Fisheh's Book Boutique.
  3357 | D:5      | Found Aloent's Antique Armour Shoppe.
  3373 | D:5      | Found Pudghoha's General Store.
  3423 | D:5      | Reached * piety under the Shining One
  3444 | D:5      | Reached XP level 8. HP: 36/58 MP: 8/8
  3639 | D:5      | Reached skill level 12 in Polearms
  3839 | D:6      | Found a staircase to the Ecumenical Temple.
  3952 | D:6      | Found a runed translucent door.
  3953 | D:6      | Noticed sigtrap's ghost (novice OgFi)
  3961 | D:6      | Found a glowing drain.
  3961 | D:6      | Noticed Sigmund
  3967 | D:6      | Killed Sigmund
  3968 | D:6      | Reached skill level 13 in Polearms
  3977 | Sewer    | Entered a sewer
  4107 | Sewer    | Identified the staff of conjuration "Don Jeta" {rCorr}
  4196 | D:6      | Reached skill level 14 in Polearms
  4420 | D:6      | Noticed Pikel
  4438 | D:6      | Killed Pikel
  4439 | D:6      | Reached XP level 9. HP: 61/71 MP: 9/9
  4464 | D:6      | Found a runed translucent door.
  4511 | D:6      | Noticed Edmund
  4518 | D:6      | Killed Edmund
  4854 | D:6      | Killed sigtrap's ghost
  4855 | D:6      | Reached skill level 10 in Fighting
  4855 | D:6      | Reached XP level 10. HP: 57/86 MP: 7/10
  4946 | D:5      | Bought a runed bardiche for 264 gold pieces
  5185 | D:7      | Reached ** piety under the Shining One
  5275 | D:7      | Noticed fireball365's ghost (novice HOFi)
  5288 | D:7      | Found a runed translucent door.
  5382 | D:7      | Reached skill level 15 in Polearms
  5781 | D:8      | Noticed a two-headed ogre
  5794 | D:7      | Reached skill level 16 in Polearms
  5819 | D:8      | Noticed a two-headed ogre
  5826 | D:8      | Killed a two-headed ogre
  5912 | D:8      | Killed a two-headed ogre
  5913 | D:8      | Reached skill level 17 in Polearms
  5913 | D:8      | Reached XP level 11. HP: 92/92 MP: 11/11
  6007 | D:8      | Reached skill level 18 in Polearms
  6115 | D:8      | Found an iron altar of Okawaru.
  6187 | D:8      | Found Xit Mati's One-of-a-Kind Rings.
  6201 | D:8      | Found a basalt altar of Yredelemnul.
  6205 | D:8      | Reached *** piety under the Shining One
  6238 | D:8      | Found a glowing silver altar of Zin.
  6238 | D:8      | Found a burning altar of Makhleb.
  6239 | D:8      | Noticed an Executioner
  6239 | D:8      | Noticed an angel
  6553 | D:9      | Found a staircase to the Orcish Mines.
  7023 | D:9      | Noticed Erolcha
  7031 | D:9      | Killed Erolcha
  7032 | D:9      | Reached skill level 19 in Polearms
  7400 | D:10     | Entered Level 10 of the Dungeon
  7413 | D:10     | Found a flagged portal.
  7419 | Bailey   | Entered a bailey
  7521 | Bailey   | Noticed an orc knight
  7591 | Bailey   | Killed an orc knight
  7612 | Bailey   | Noticed an orc knight
  7622 | Bailey   | Killed an orc knight
  7625 | Bailey   | Reached skill level 20 in Polearms
  7950 | D:10     | Noticed a manticore
  7950 | D:10     | Noticed a cyclops
  7968 | D:10     | Killed a manticore
  7974 | D:10     | Killed a cyclops
  8228 | D:10     | Reached XP level 12. HP: 98/98 MP: 12/12
  8495 | D:10     | Noticed a two-headed ogre
  8498 | D:10     | Killed a two-headed ogre
  8499 | D:10     | Reached skill level 21 in Polearms
  8675 | D:11     | Reached **** piety under the Shining One
  8680 | D:11     | Found a staircase to the Lair.
  8683 | D:11     | Reached skill level 1 in Invocations
  8683 | D:11     | Reached skill level 1 in Evocations
  8883 | D:11     | The Shining One protects you from harm!
  9136 | D:11     | Reached skill level 5 in Invocations
  9307 | D:11     | Noticed a death knight
  9322 | D:11     | Killed a death knight
  9323 | D:11     | Reached skill level 5 in Evocations
  9664 | D:12     | Noticed a two-headed ogre
  9669 | D:12     | Killed a two-headed ogre
  9867 | D:12     | Noticed a centaur warrior
  9867 | D:12     | Noticed a boulder beetle
  9867 | D:12     | Noticed a tengu reaver
  9872 | D:12     | Found a runed translucent door.
  9874 | D:12     | Identified the +0 chain mail of Death's Door {-Cast rPois
                  | rC++ Str+3}
  9874 | D:12     | Noticed a death knight
  9874 | D:12     | Reached ***** piety under the Shining One
  9875 | D:12     | Identified the +5 quarterstaff of Destiny {heavy, rF- rC+++
                  | Will+++ Dex-2}
 10202 | D:12     | Killed a boulder beetle
 10206 | D:12     | Killed a centaur warrior
 10207 | D:12     | Killed from afar by a tengu reaver

Illustrated notes

Levels and vault maps discovered:
D:1:      nzn_arrival_depleted_hourglass, layout_loops_ring
D:2:      layout_rooms, serial_shops, shop
D:3:      layout_basic, mainiacjoe_overflow_big_doors,
          nicolae_tso_besieged_by_evil, serial_shops, shop, lemuel_flame_loot_1
D:4:      wad_river_or_something, layout_basic, nicolae_elemental_shop
D:5:      layout_gridville, serial_shops, shop, nicolae_lakefront_shop, shop,
          nicolae_shop_overgrown_old_shop, nicolae_shop_waterfront
D:6:      minmay_bubble_buster, layout_loops_cross,
          minmay_temple_entry_crystal_x, ebering_ghost_sewer_f, serial_glass,
          glass_columns_b, glass_columns_b, feat_on_display,
          due_unseen_surprise, cheibrodos_sewer_entry_sluice, uniq_pikel,
          uniq_edmund, uniq_sigmund
D:7:      layout_gridville, hellmonk_ghost_happy_afterlife, hellmonk_no_cap
D:8:      layout_cave_pools, grunt_temple_overflow_order_and_chaos_2,
          okawaru_gym_becter, lemuel_crystal_altar, nicolae_shop_unique_rings,
          chequers_serial_rivers_micro_c, serial_bayou_ford_a, st_stairs_7
D:9:      layout_irregular_city, erik_orc_3, uniq_erolcha
D:10:     kennysheep_big_flooded_room, layout_stronghold, enter_bailey_2
D:11:     kennysheep_six_static_rooms, layout_cave_pools,
          small_chamber_with_monster, minmay_misc_feat_encased,
          kennysheep_generic_room_11
D:12:     layout_basic, minmay_st_funbox

Skill      XL: |  1  2  3  4  5  6  7  8  9 10 11 12 |
---------------+-------------------------------------+-----
Polearms       | 3 4 5 6 8 9 11 14 17 20 21 | 21.2
Fighting       | 6 10 | 10.5
Invocations    | 7 |  7.6
Evocations     | 6 |  6.0
Armour         | |  2.1
Shields        | |  3.0

Action                     |  1- 3 |  4- 6 |  7- 9 | 10-12 || total
---------------------------+-------+-------+-------+-------++-------
  Melee: Trident           |   100 |   159 |   220 |     2 ||   481
         Tailslap          |       |       |     1 |     5 ||     6
         Unarmed           |       |       |     6 |       ||     6
         Bardiche          |       |       |       |   453 ||   453
 Invoke: Divine Shield     |       |       |     1 |     3 ||     4
    Use: Scroll            |       |     7 |     5 |    11 ||    23
         Potion            |       |       |     1 |     3 ||     4
   Stab: Sleeping          |     1 |       |       |       ||     1
 Armour: Scale mail        |    11 |       |       |   194 ||   205
         Leather armour    |    19 |    42 |    50 |       ||   111
         Skin              |       |       |     5 |       ||     5
  Dodge: Dodged            |    38 |    56 |    62 |   187 ||   343
  Block: Buckler           |    14 |    16 |    34 |     1 ||    65
         Other             |       |       |       |    10 ||    10
